 Dungeon Crawl Stone Soup version 0.28.0-43-g3370ac3207 (webtiles) character file.

Game seed: 17632102585547105301

18809 fknight the Spear-Bearer (level 12, -8/145 HPs)
             Began as a Gnoll Berserker on Mar 15, 2022.
             Was a Priest of Trog.
             Mangled by Snorg (16 damage)
             ... on level 3 of the Lair of Beasts.
             The game lasted 01:09:36 (17799 turns).

fknight the Spear-Bearer (Gnoll Berserker)         Turns: 17799, Time: 01:09:37

Health: -8/145     AC: 30    Str: 19    XL:     12   Next: 62%
Magic:  23/23      EV: 13    Int:  8    God:    Trog [***...]
Gold:   495        SH:  0    Dex: 13    Spells: 25/25 levels left

rFire   + . .      SeeInvis .   Z - +3 rapier (flame)
rCold   . . .      Faith    .   (no shield)
rNeg    . . .      Spirit   .   V - +2 plate armour {rF+}
rPois   +          Reflect  .   L - +0 helmet
rElec   .          Harm     .   G - +2 cloak {rPois}
rCorr   .          Rampage  .   E - +1 pair of gloves {Stlth+}
Will    ++...                   n - +2 pair of boots
Stlth   ..........              (no amulet)
HPRegen 1.34/turn               W - +4 ring of evasion
MPRegen 0.18/turn               k - +4 ring of protection

@: berserking, strong-willed, regenerating, very quick
A: fangs 1, strong nose, distributed training
a: Renounce Religion, Berserk, Trog's Hand


You were on level 3 of the Lair of Beasts.
You worshipped Trog.
Trog was most pleased with you.
You visited 2 branches of the dungeon, and saw 14 of its levels.
You also visited: Volcano.

You collected 1339 gold pieces.
You spent 844 gold pieces at shops.

Inventory:

Hand Weapons
 a - a +5 vorpal spear
 e - a +0 longbow
 j - a +0 vampiric halberd
 l - a +2 dagger of speed
 y - a +8 quarterstaff of electrocution
 z - the +3 morningstar "Niufar" {protect, rPois}
   (You found it on level 1 of the Lair of Beasts)

   It grants its wielder temporary protection when it strikes (+7 to AC).
   rPois:     It protects you from poison.
 B - a +5 dagger
 C - a +4 great sword
 H - a +0 lajatang of flaming
 I - a +0 hunting sling
 J - a +2 dire flail of flaming
 R - a +3 falchion
 S - a +1 flail of protection
 Y - a +2 whip of freezing
 Z - a +3 rapier of flaming (weapon)
Missiles
 c - 413 stones
 h - 104 sling bullets
 m - 3 poisoned darts (quivered)
 p - 2 boomerangs
 v - 6 curare-tipped darts
 O - 143 arrows
 T - 5 javelins
Armour
 g - +0 acid dragon scales
 n - a +2 pair of boots (worn)
 r - a +0 cloak of fire resistance
 E - a +1 pair of gloves of stealth (worn)
 G - a +2 cloak of poison resistance (worn)
 L - a +0 helmet (worn)
 P - a +1 plate armour of poison resistance
 V - a +2 plate armour of fire resistance (worn)
Jewellery
 k - a +4 ring of protection (right hand)
 w - a ring of flight
 W - a +4 ring of evasion (left hand)
Wands
 o - a wand of charming (3)
 q - a wand of flame (52)
 t - a wand of polymorph (12)
 u - a wand of iceblast (17)
Scrolls
 d - 3 scrolls of silence
 f - 4 scrolls of teleportation
 x - a scroll of enchant armour
 K - a scroll of fear
Potions
 b - a potion of mutation
 i - 4 potions of curing
 s - a potion of might {unknown}
 A - 3 potions of ambrosia
 D - a potion of resistance
 F - 2 potions of berserk rage
 M - 2 potions of heal wounds
 N - 2 potions of cancellation
 Q - a potion of invisibility
 U - 2 potions of flight
 X - 2 potions of magic


   Skills:
 + Level 10.0 Fighting
 + Level 7.4 Short Blades
 + Level 7.4 Long Blades
 + Level 7.4 Axes
 + Level 7.4 Maces & Flails
 + Level 10.0 Polearms
 + Level 7.4 Staves
 + Level 7.4 Slings
 + Level 7.4 Bows
 + Level 7.4 Crossbows
 + Level 7.4 Throwing
 + Level 8.8 Armour
 + Level 8.8 Dodging
 + Level 7.4 Stealth
 + Level 7.4 Shields
 + Level 7.4 Unarmed Combat
 + Level 7.4 Spellcasting
 + Level 6.2 Conjurations
 + Level 6.2 Hexes
 + Level 6.2 Summonings
 + Level 6.2 Necromancy
 + Level 6.2 Translocations
 + Level 6.2 Transmutations
 + Level 6.2 Fire Magic
 + Level 6.2 Ice Magic
 + Level 6.2 Air Magic
 + Level 6.2 Earth Magic
 + Level 6.2 Poison Magic
 + Level 8.2 Invocations
 + Level 7.4 Evocations


You had 25 spell levels left.
You didn't know any spells.
Your spell library was empty.

Dungeon Overview and Level Annotations

Branches:
Dungeon (11/15)            Temple (0/1) D:5            Lair (3/6) D:8
  Snake (0/4) Lair:2      Volcano (visited)
  Swamp: Lair:2-4    Shoals: Lair:2-4       Orc: D:9-12

Altars:
Ashenzari
Dithmenos
Fedhas
Gozag
Hepliaklqana
Makhleb
Okawaru
Qazlal
Ru
Trog
Vehumet
Xom
Zin

Shops:
D:1 [[   D:4 ?   D:7 *   D:8 *[

Annotations:
D:3 exclusion: statue
D:10 2 transporters, experimilk's ghost, journeyman KoAM
Lair:3 Snorg


Innate Abilities, Weirdness & Mutations

You have very sharp teeth.
Your uncanny sense of smell can sniff out nearby items.
Your experience applies equally to all skills.


Message History

The eight-headed hydra closely misses you.
The eight-headed hydra bites you but does no damage.
The eight-headed hydra barely misses you.
The eight-headed hydra closely misses you.
The eight-headed hydra barely misses you.
Snorg barely misses you. Snorg claws you. Snorg misses you.
You puncture the eight-headed hydra! You burn the eight-headed hydra.
The eight-headed hydra is moderately wounded.
The eight-headed hydra bites you!
The eight-headed hydra closely misses you.
The eight-headed hydra bites you!
* * * LOW HITPOINT WARNING * * *
The eight-headed hydra closely misses you.
The eight-headed hydra bites you but does no damage. x2
The eight-headed hydra misses you.
The eight-headed hydra bites you but does no damage.
Snorg barely misses you. Snorg closely misses you. Snorg claws you.
* * * LOW HITPOINT WARNING * * *
You impale the eight-headed hydra!! You burn the eight-headed hydra.
The eight-headed hydra is heavily wounded.
Snorg bites you.
* * * LOW HITPOINT WARNING * * *
Snorg claws you!
* * * LOW HITPOINT WARNING * * *
Snorg closely misses you.
You puncture the eight-headed hydra! You burn the eight-headed hydra.
The eight-headed hydra is severely wounded.
The eight-headed hydra bites you!
* * * LOW HITPOINT WARNING * * *
The eight-headed hydra bites you but does no damage.
The eight-headed hydra barely misses you.
The eight-headed hydra bites you but does no damage. x3
The eight-headed hydra closely misses you.
The eight-headed hydra bites you but does no damage.
You puncture the eight-headed hydra! You burn the eight-headed hydra.
The eight-headed hydra is almost dead.
Snorg bites you.
* * * LOW HITPOINT WARNING * * *
Snorg claws you!
You die...

#... #...#
#..<.. ##⌠.<#
#..... #....# .
#...####..##∆
..# #.⌠..##...#
....#....#...##
#...........##
#......D..##
#....†@T..#
..###...#.##
.....⌠.#.D. ∆
....#+.+#...#
... .# ...#..
.. .# ....#.. .
.. ...##T... (.
.... . ..


You could see Snorg (berserk), an eight-headed hydra and a six-headed hydra.

Vanquished Creatures
  2 hydras (Lair:2)
  2 two-headed ogres (D:11)
  3 skeletal warriors
  A black mamba (Lair:2)
  2 cane toads (Lair:2)
  3 gargoyles (Volcano)
  3 komodo dragons (Lair:2)
  A kobold demonologist (D:11)
  2 trolls
  2 harpy skeletons (Volcano)
  Sigmund (D:2)
  3 flying skulls (Volcano)
  3 wraiths
  5 wyverns
  An alligator skeleton (Volcano)
  A steam dragon (D:9)
  2 basilisks
  3 fire bats (Lair:1)
  Grum (D:10)
  2 vampire mosquitoes (D:11)
  Duvessa (D:5)
  12 water moccasins
  3 acid dragons
  4 orc warriors
  A sky beast (D:3)
  An ice beast (D:7)
  5 ogres
  3 black bears
  10 wolves
  5 centaurs
  A necrophage (D:4)
  3 kobold brigands
  7 bullfrogs
  Blork the orc (D:4)
  3 scorpions (D:5)
  2 water moccasin zombies (D:5)
  A wyvern skeleton (D:3)
  Dowan (D:5)
  7 killer bees (D:10)
  A troll skeleton (Volcano)
  16 wights
  2 electric eels
  2 howler monkeys
  4 hounds
  2 jellies (D:5)
  8 orc priests
  3 centaur zombies
  Crazy Yiuf (D:5)
  2 centaur skeletons
  2 bullfrog skeletons
  3 iguanas
  Natasha (thrice) (D:2)
  6 orc wizards
  A scorpion zombie (D:5)
  A killer bee zombie (D:7)
  A naga skeleton (Volcano)
  A hound zombie (D:5)
  2 howler monkey zombies
  3 gnolls (D:2)
  A howler monkey skeleton (D:5)
  9 adders
  4 white imps
  An ufetubus (D:4)
  An adder zombie (D:5)
  2 worms
  5 dart slugs
  43 orcs
  3 ball pythons
  5 endoplasms
  5 giant cockroaches
  8 goblins
  5 hobgoblins
  2 jackals (D:4)
  5 quokkas
  6 bats
  4 frilled lizards
  15 kobolds
  4 rats
306 creatures vanquished.

Vanquished Creatures (others)
  A bush (D:7)
  2 fungi
  22 plants
25 creatures vanquished.

Grand Total: 331 creatures vanquished

Notes
Turn   | Place    | Note
-------+----------+-------------------------------------------
     0 | D:1      | fknight the Gnoll Berserker began the quest for the Orb.
     0 | D:1      | Reached XP level 1. HP: 23/23 MP: 1/1
    15 | D:1      | Found Cymul's Antique Armour Boutique.
   114 | D:1      | Found Ihuodouh's Antique Armour Shoppe.
   270 | D:1      | Reached XP level 2. HP: 18/29 MP: 2/2
  1087 | D:1      | Found a faded altar of an unknown god.
  1171 | D:2      | Noticed Natasha
  1176 | D:2      | Noticed a crimson imp
  1180 | D:2      | Reached XP level 3. HP: 28/35 MP: 3/3
  1189 | D:2      | Killed Natasha
  1190 | D:2      | Reached skill level 1 in Invocations
  1287 | D:2      | Noticed Natasha
  1296 | D:2      | Killed Natasha
  1297 | D:2      | Reached skill level 1 in Short Blades
  1297 | D:2      | Reached skill level 1 in Long Blades
  1297 | D:2      | Reached skill level 1 in Axes
  1297 | D:2      | Reached skill level 1 in Maces & Flails
  1297 | D:2      | Reached skill level 1 in Staves
  1297 | D:2      | Reached skill level 1 in Slings
  1297 | D:2      | Reached skill level 1 in Bows
  1297 | D:2      | Reached skill level 1 in Crossbows
  1297 | D:2      | Reached skill level 1 in Throwing
  1297 | D:2      | Reached skill level 1 in Stealth
  1297 | D:2      | Reached skill level 1 in Shields
  1297 | D:2      | Reached skill level 1 in Unarmed Combat
  1297 | D:2      | Reached skill level 1 in Spellcasting
  1297 | D:2      | Reached skill level 1 in Evocations
  1297 | D:2      | Reached XP level 4. HP: 24/41 MP: 5/5
  1451 | D:2      | Noticed Sigmund
  1467 | D:2      | Killed Sigmund
  1468 | D:2      | Reached skill level 1 in Conjurations
  1468 | D:2      | Reached skill level 1 in Hexes
  1468 | D:2      | Reached skill level 1 in Summonings
  1468 | D:2      | Reached skill level 1 in Necromancy
  1468 | D:2      | Reached skill level 1 in Translocations
  1468 | D:2      | Reached skill level 1 in Transmutations
  1468 | D:2      | Reached skill level 1 in Fire Magic
  1468 | D:2      | Reached skill level 1 in Ice Magic
  1468 | D:2      | Reached skill level 1 in Air Magic
  1468 | D:2      | Reached skill level 1 in Earth Magic
  1468 | D:2      | Reached skill level 1 in Poison Magic
  1468 | D:2      | Reached XP level 5. HP: 47/47 MP: 5/7
  1468 | D:2      | Reached XP level 6. HP: 53/53 MP: 5/8
  1577 | D:2      | Noticed Natasha
  1584 | D:2      | Killed Natasha
  1870 | D:2      | Reached skill level 5 in Armour
  1870 | D:2      | Reached skill level 5 in Dodging
  2677 | D:3      | Found a radiant altar of Vehumet.
  2791 | D:3      | Reached ** piety under Trog
  2929 | D:3      | Noticed a sky beast
  2946 | D:3      | Killed a sky beast
  2947 | D:3      | Reached XP level 7. HP: 60/60 MP: 10/10
  2952 | D:3      | Identified the +1 leather armour of Marbles {rPois Int+3
                  | Dex+3}
  3198 | D:4      | Found Reine's Magic Scroll Shoppe.
  3221 | D:4      | Bought a scroll of identify for 20 gold pieces
  3221 | D:4      | Bought a scroll of identify for 20 gold pieces
  3326 | D:4      | Found a shimmering altar of Xom.
  3329 | D:4      | Found an opulent altar of Gozag.
  3372 | D:4      | Found a blossoming altar of Fedhas.
  3375 | D:4      | Found a stormy altar of Qazlal.
  3788 | D:4      | Noticed Blork the orc
  3811 | D:4      | Killed Blork the orc
  3812 | D:4      | Found a hazy altar of Hepliaklqana.
  3812 | D:4      | Found a faded altar of an unknown god.
  4381 | D:5      | Entered Level 5 of the Dungeon
  4459 | D:5      | Noticed Dowan
  4459 | D:5      | Noticed Duvessa
  4467 | D:5      | Reached XP level 8. HP: 67/67 MP: 12/12
  4472 | D:5      | Killed Duvessa
  4475 | D:5      | Killed Dowan
  5056 | D:5      | Reached XP level 9. HP: 72/72 MP: 14/14
  5080 | D:5      | Identified the +3 leather armour of the Elephant {rF+}
  5104 | D:5      | Found a staircase to the Ecumenical Temple.
  5596 | D:5      | Found a runed translucent door.
  5597 | D:5      | Noticed Crazy Yiuf
  5605 | D:5      | Killed Crazy Yiuf
  5929 | D:6      | Found the +4 robe of Augmentation {Str+4 Int+4 Dex+4}
  6223 | D:6      | Found a burning altar of Makhleb.
  6223 | D:6      | Found a sacrificial altar of Ru.
  6227 | D:6      | Noticed a troll
  6235 | D:6      | Killed a troll
  6495 | D:6      | Reached skill level 5 in Invocations
  6869 | D:6      | Found an iron altar of Okawaru.
  7904 | D:1      | Bought a glowing plate armour for 624 gold pieces
  8120 | D:7      | Found Itim's Serpentskin Sales.
  8128 | D:7      | Reached XP level 10. HP: 78/80 MP: 17/17
  8543 | D:7      | Reached skill level 5 in Short Blades
  8543 | D:7      | Reached skill level 5 in Long Blades
  8543 | D:7      | Reached skill level 5 in Axes
  8543 | D:7      | Reached skill level 5 in Maces & Flails
  8543 | D:7      | Reached skill level 5 in Staves
  8543 | D:7      | Reached skill level 5 in Slings
  8543 | D:7      | Reached skill level 5 in Bows
  8543 | D:7      | Reached skill level 5 in Crossbows
  8543 | D:7      | Reached skill level 5 in Throwing
  8543 | D:7      | Reached skill level 5 in Stealth
  8543 | D:7      | Reached skill level 5 in Shields
  8543 | D:7      | Reached skill level 5 in Unarmed Combat
  8543 | D:7      | Reached skill level 5 in Spellcasting
  8543 | D:7      | Reached skill level 5 in Evocations
  8717 | D:7      | Reached *** piety under Trog
  9660 | D:8      | Found a staircase to the Lair.
  9901 | D:8      | Found Zin's Purification Station.
  9906 | D:8      | Found a glowing silver altar of Zin.
 10217 | D:8      | Found Bibrunni's Armour Emporium.
 10510 | D:9      | Reached **** piety under Trog
 10803 | D:9      | Reached XP level 11. HP: 66/87 MP: 19/19
 11118 | D:9      | Found a shadowy altar of Dithmenos.
 11193 | D:9      | Found a broken altar of Ashenzari.
 11197 | D:9      | Saw a vision of the Shoals and the Snake Pit.
 11197 | D:9      | Noticed a mana viper
 11197 | D:9      | Noticed a naga ritualist
 11197 | D:9      | Noticed a mana viper
 11197 | D:9      | Noticed a salamander
 11619 | D:10     | Entered Level 10 of the Dungeon
 11624 | D:10     | Noticed a centaur warrior
 11751 | D:10     | Found a transporter.
 11753 | D:10     | Noticed a white ugly thing
 11755 | D:10     | Noticed experimilk's ghost (journeyman KoAM)
 11757 | D:10     | Noticed a two-headed ogre
 11760 | D:10     | Found a transporter.
 11884 | D:10     | Noticed Grum
 11909 | D:10     | Killed Grum
 12031 | D:10     | Reached skill level 5 in Conjurations
 12031 | D:10     | Reached skill level 5 in Hexes
 12031 | D:10     | Reached skill level 5 in Summonings
 12031 | D:10     | Reached skill level 5 in Necromancy
 12031 | D:10     | Reached skill level 5 in Translocations
 12031 | D:10     | Reached skill level 5 in Transmutations
 12031 | D:10     | Reached skill level 5 in Fire Magic
 12031 | D:10     | Reached skill level 5 in Ice Magic
 12031 | D:10     | Reached skill level 5 in Air Magic
 12031 | D:10     | Reached skill level 5 in Earth Magic
 12031 | D:10     | Reached skill level 5 in Poison Magic
 12315 | D:10     | Found a bloodstained altar of Trog.
 13248 | D:1      | Bought a pair of embroidered gloves for 180 gold pieces
 13837 | D:11     | Noticed a two-headed ogre
 13848 | D:11     | Killed a two-headed ogre
 14209 | D:11     | Identified the +7 chain mail of Grace {Will- Int+3}
 14223 | D:11     | Noticed a boulder beetle
 14229 | D:11     | Noticed a sun demon
 14241 | D:11     | Noticed a two-headed ogre
 14262 | D:11     | Killed a two-headed ogre
 14269 | D:11     | Noticed a death knight
 14577 | D:11     | Noticed a skeletal warrior
 14596 | D:11     | Killed a skeletal warrior
 14803 | Lair:1   | Entered Level 1 of the Lair of Beasts
 15369 | Lair:1   | Identified the +3 morningstar "Niufar" {protect, rPois}
 15421 | Lair:1   | Found a dark tunnel.
 15435 | Volcano  | Entered a volcano
 15586 | Volcano  | Reached XP level 12. HP: 96/96 MP: 22/22
 16622 | Lair:2   | Found a blossoming altar of Fedhas.
 16626 | Lair:2   | Found a staircase to the Snake Pit.
 16661 | Lair:2   | Noticed an eight-headed hydra
 16664 | Lair:2   | Noticed a five-headed hydra
 16672 | Lair:2   | Killed an eight-headed hydra
 16677 | Lair:2   | Killed a five-headed hydra
 17394 | Lair:2   | Reached skill level 10 in Fighting
 17394 | Lair:2   | Reached skill level 10 in Polearms
 17777 | Lair:3   | Noticed Snorg
 17778 | Lair:3   | Noticed an eight-headed hydra
 17790 | Lair:3   | Noticed a six-headed hydra
 17799 | Lair:3   | Mangled by Snorg

Illustrated notes

Levels and vault maps discovered:
D:1:      matt_arrival_grand_opening, layout_loops_cross,
          shapermc_ecumenical_altar_mp_vishouse, serial_shops, shop, shop,
          dk_noncrumbling_2, chequers_arboretum, minmay_bisected
D:2:      layout_rooms, uniq_sigmund, uniq_natasha
D:3:      layout_basic, vehumet_statue
D:4:      layout_loops_cross, beargit_hepliaklqana_dungeon_heroes,
          grunt_temple_overflow_cloverleaf, serial_shops, shop
D:5:      minmay_polygon_palace, layout_loops_ring,
          minmay_temple_entry_overgrown, uniq_duvessa, uniq_crazy_yiuf_cottage
D:6:      layout_basic, kennysheep_okawaru_gauntlet,
          chequers_temple_overflow_statue_of_worship
D:7:      layout_loops_ring, serial_bayou, serial_bayou_pond_d,
          serial_bayou_pond_c, serial_bayou_ford_a, serial_bayou_shore_b,
          kb_lookout_dungeons_type, guppyfry_shop_venom
D:8:      layout_basic, zin_purify, minmay_lair_entry_grove, serial_shops,
          nicolae_inconvenience_store
D:9:      layout_grid_maze, general_overflow_altar, grunt_ashenzari_visionary
          [grunt_ashenzari_visionary_shoals, grunt_ashenzari_visionary_snake],
          serial_glass, glass_columns_a, glass_columns_a, feat_on_display,
          minmay_strange_pillars, unseen_surprise_small, solitary_fountain
D:10:     layout_loops_corners, amcnicky_altar_gilded, nzn_ghost_randoct,
          uniq_grum
D:11:     minmay_bloctagon, layout_layer_cave
Lair:1:   layout_loops_ring, nicolae_volcano_entry_batcave,
          infiniplex_staircase_pool_2
Lair:2:   layout_hall_layers, dummy_snake_entry, basic_altar, grunt_megastairs_3
Lair:3:   layout_regular_city, grunt_megastairs_5, infiniplex_staircase_pool,
          uniq_snorg

Skill      XL: |  1  2  3  4  5  6  7  8  9 10 11 12 |
---------------+-------------------------------------+-----
Invocations    | 1 2 3 4 5 6 7 8 |  8.2
Short Blades   | 1 2 3 4 5 6 7 |  7.4
Long Blades    | 1 2 3 4 5 6 7 |  7.4
Axes           | 1 2 3 4 5 6 7 |  7.4
Maces & Flails | 1 2 3 4 5 6 7 |  7.4
Staves         | 1 2 3 4 5 6 7 |  7.4
Slings         | 1 2 3 4 5 6 7 |  7.4
Bows           | 1 2 3 4 5 6 7 |  7.4
Crossbows      | 1 2 3 4 5 6 7 |  7.4
Throwing       | 1 2 3 4 5 6 7 |  7.4
Stealth        | 1 2 3 4 5 6 7 |  7.4
Shields        | 1 2 3 4 5 6 7 |  7.4
Unarmed Combat | 1 2 3 4 5 6 7 |  7.4
Spellcasting   | 1 2 3 4 5 6 7 |  7.4
Evocations     | 1 2 3 4 5 6 7 |  7.4
Conjurations   | 1 2 3 4 5 6 |  6.2
Hexes          | 1 2 3 4 5 6 |  6.2
Summonings     | 1 2 3 4 5 6 |  6.2
Necromancy     | 1 2 3 4 5 6 |  6.2
Translocations | 1 2 3 4 5 6 |  6.2
Transmutations | 1 2 3 4 5 6 |  6.2
Fire Magic     | 1 2 3 4 5 6 |  6.2
Ice Magic      | 1 2 3 4 5 6 |  6.2
Air Magic      | 1 2 3 4 5 6 |  6.2
Earth Magic    | 1 2 3 4 5 6 |  6.2
Poison Magic   | 1 2 3 4 5 6 |  6.2
Armour         | 5 6 7 8 |  8.8
Dodging        | 5 6 7 8 |  8.8
Fighting       | 7 8 9 10 | 10.0
Polearms       | 7 8 9 10 | 10.0

Action                   |  1- 3 |  4- 6 |  7- 9 | 10-12 || total
-------------------------+-------+-------+-------+-------++-------
Melee: Spear             |    70 |   185 |   119 |   570 ||   944
       Bite              |     6 |    16 |    40 |   101 ||   163
       Punch             |     1 |     3 |     2 |    39 ||    45
       Quarterstaff      |       |       |   197 |   233 ||   430
       Rapier            |       |       |       |    19 ||    19
Throw: Stone             |       |     6 |    16 |     7 ||    29
       Dart              |       |       |       |    20 ||    20
Invok: Berserk           |     2 |     2 |     7 |     9 ||    20
       Trog's Hand       |       |     1 |     6 |     6 ||    13
Evoke: Wand              |       |       |       |     1 ||     1
  Use: Scroll            |       |       |    16 |    21 ||    37
       Potion            |       |       |       |     3 ||     3
 Stab: Sleeping          |     2 |     1 |       |       ||     3
       Distracted        |       |     1 |       |     1 ||     2
Armor: Animal skin       |     6 |     1 |       |       ||     7
       Chain mail        |       |    23 |   166 |       ||   189
       Robe              |       |    13 |       |       ||    13
       Plate armour      |       |       |     5 |   525 ||   530
Dodge: Dodged            |    32 |    73 |   118 |   504 ||   727
